 Dungeon Crawl Stone Soup version 0.30-a0-475-g03497ec522 (webtiles) character file.

Game seed: 14023437735764682137

1333 Liquidunit the Chopper (level 8, -8/109 HPs)
             Began as a Minotaur Berserker on Dec 21, 2022.
             Was a Priest of Trog.
             Mangled by an ice beast (11 damage)
             ... on level 6 of the Dungeon.
             The game lasted 00:07:03 (6035 turns).

Liquidunit the Chopper (Minotaur Berserker)         Turns: 6035, Time: 00:07:04

Health: -8/109     AC: 24    Str: 22    XL:     8   Next: 34%
Magic:  7/7        EV:  2    Int:  6    God:    Trog [***...]
Gold:   165        SH:  3    Dex: 10    Spells: 7/7 levels left

rFire   . . .      SeeInvis .    j - +2 whip (elec)
rCold   . . .      Faith    .    e - +0 buckler
rNeg    . . .      Spirit   .    (body armour currently unavailable)
rPois   +          Reflect  .    (helmet currently unavailable)
rElec   .          Harm     .    (cloak currently unavailable)
rCorr   .          Rampage  .    (gloves currently unavailable)
Will    .....      NoTele   +    (boots currently unavailable)
Stlth   +.........               (no amulet)
HPRegen 0.38/turn                (no ring)
MPRegen 0.10/turn                (no ring)

@: tree-form
A: stationary, stasis, torment immunity, boosted hp, (horns 2), (retaliatory
headbutt)
a: Renounce Religion, Berserk, Trog's Hand


You were on level 6 of the Dungeon.
You worshipped Trog.
Trog was most pleased with you.
You were a tree.
You visited 1 branch of the dungeon, and saw 6 of its levels.

You collected 246 gold pieces.
You spent 81 gold pieces at shops.

Inventory:

Hand Weapons
 a - a +1 hand axe
 j - a +2 whip of electrocution (weapon)
 n - a +0 war axe of chaos
Missiles
 v - a throwing net (quivered)
Armour
 c - a +0 pair of boots (melded)
 e - a +0 buckler (worn)
 m - a +3 chain mail (melded)
 u - a +0 pair of gloves (melded)
Jewellery
 b - an amulet of the acrobat
 g - a ring of fire
Wands
 f - a wand of iceblast (14)
 o - a wand of polymorph (2)
 t - a wand of acid (7)
Scrolls
 i - a scroll of fog
 l - 2 scrolls of blinking
 r - 3 scrolls of identify
 w - a scroll of teleportation {unknown}
Potions
 d - a potion of lignification
 h - 2 potions of berserk rage
 k - 3 potions of curing
 p - a potion of cancellation {unknown}
 q - a potion of might {unknown}
 s - 3 potions of brilliance {unknown}


   Skills:
 + Level 7.0 Fighting
 + Level 7.1 Axes
 + Level 6.5 Armour
 + Level 6.0 Dodging


You had 7 spell levels left.
You didn't know any spells.
Your spell library was empty.

Dungeon Overview and Level Annotations

Branches:
Dungeon (6/15)             Temple (0/1) D:5

Altars:
Ashenzari
Elyvilon
Gozag
Kikubaaqudgha
The Shining One

Shops:
D:3 [   D:6 (


Innate Abilities, Weirdness & Mutations

You are a tree.
Your roots penetrate the ground, keeping you stationary.
You cannot be teleported.
You are immune to unholy pain and torment.
Your maximum health is greatly increased.
Your equipment is partially melded.
((You have a pair of horns on your head.))
((You reflexively headbutt those who attack you in melee.))


Message History

Trog accepts your kill.
Trog appreciates your killing of a magic user.
You block the scorpion's attack. The orc hits you but does no damage.
The ice beast hits you but does no damage.
The howler monkey hoots and howls with incredible vigour!
Your Fighting skill increases to level 7!
Your Axes skill increases to level 7!
Your Dodging skill increases to level 6!
You hit the ice beast.
Lightning courses through the ice beast!
The ice beast is heavily wounded.
The scorpion stings you but does no damage.
An orc comes into view. It is wielding a +0 hand axe.
The orc hits you with a +0 whip.
* * * LOW HITPOINT WARNING * * *
The ice beast hits you but does no damage.
The howler monkey hits you.
* * * LOW HITPOINT WARNING * * *
You hit the ice beast but do no damage.
The ice beast is heavily wounded.
The scorpion stings you but does no damage.
The ice beast hits you but does no damage.
The howler monkey hits you.
* * * LOW HITPOINT WARNING * * *
Unknown command.
You closely miss the ice beast.
The ice beast is heavily wounded.
The scorpion stings you but does no damage.
The howler monkey hits you but does no damage.
The ice beast hits you but does no damage.
An orc comes into view. It is wielding a +0 short sword.
The scorpion stings you but does no damage.
You hit the ice beast.
The ice beast is heavily wounded.
The howler monkey hits you.
* * * LOW HITPOINT WARNING * * *
Something hits you but does no damage. The ice beast hits you.
* * * LOW HITPOINT WARNING * * *
The ice beast freezes you!
You die...

#..... ###.... ....o.
#...#
#..o############ #
#.......<.......
###..#...###########.
.≈..~)~o.########
~..~.~.~Y♣)......
.≈...~~≈hs.#####.
~~.~≈~≈~...#
~≈#........#
~~~~~.~~$..#
.≈...~.##..# ≈.≈~~.#
#... ~~~# ##∩#


You could see an ice beast, a scorpion, a howler monkey and 3 orcs.

Vanquished Creatures
  Maggie (D:6)
  Menkaure (D:5)
  2 ogres
  3 scorpions (D:5)
  6 hounds
  A jelly (D:5)
  4 orc priests
  4 orc wizards
  4 adders
  A white imp (D:5)
  4 ufetubi
  3 worms
  3 dart slugs
  20 orcs
  5 endoplasms
  2 giant cockroaches
  5 hobgoblins
  5 jackals
  10 kobolds
  5 quokkas
  8 ball pythons
  4 bats
  3 frilled lizards (D:1)
  5 goblins
  7 rats
116 creatures vanquished.

Notes
Turn   | Place    | Note
-------+----------+-------------------------------------------
     0 | D:1      | Liquidunit the Minotaur Berserker began the quest for the
                  | Orb.
     0 | D:1      | Reached XP level 1. HP: 19/19 MP: 0/0
    18 | D:1      | Found a faded altar of an unknown god.
   510 | D:1      | Reached XP level 2. HP: 27/27 MP: 1/1
  1187 | D:1      | Reached ** piety under Trog
  1195 | D:1      | Reached XP level 3. HP: 33/33 MP: 2/2
  2112 | D:2      | Reached XP level 4. HP: 40/40 MP: 3/3
  2681 | D:3      | Found Atilemus's Antique Armour Boutique.
  2685 | D:3      | Bought a buckler for 81 gold pieces
  2730 | D:3      | Found a glowing golden altar of the Shining One.
  2824 | D:3      | Reached XP level 5. HP: 47/47 MP: 4/4
  2931 | D:3      | Found an opulent altar of Gozag.
  2931 | D:3      | Found a white marble altar of Elyvilon.
  3195 | D:4      | Noticed an ogre
  3199 | D:4      | Killed an ogre
  3200 | D:4      | Reached skill level 5 in Fighting
  3200 | D:4      | Reached skill level 5 in Axes
  4042 | D:4      | Reached XP level 6. HP: 56/56 MP: 5/5
  4072 | D:4      | Found a broken altar of Ashenzari.
  4936 | D:4      | Found an ancient bone altar of Kikubaaqudgha.
  5076 | D:5      | Entered Level 5 of the Dungeon
  5112 | D:5      | Reached skill level 5 in Armour
  5124 | D:5      | Reached XP level 7. HP: 55/62 MP: 6/6
  5285 | D:5      | Found a staircase to the Ecumenical Temple.
  5288 | D:5      | Reached skill level 5 in Dodging
  5314 | D:5      | Noticed Menkaure
  5321 | D:5      | Killed Menkaure
  5421 | D:5      | Reached *** piety under Trog
  5602 | D:5      | Reached XP level 8. HP: 71/71 MP: 7/7
  6005 | D:6      | Noticed Maggie
  6007 | D:6      | Found Ehe Vio's Weapon Emporium.
  6031 | D:6      | Killed Maggie
  6035 | D:6      | HP: 5/109 [howler monkey (6)]
  6035 | D:6      | Mangled by an ice beast

Illustrated notes

Levels and vault maps discovered:
D:1:      dpeg_arrival_oval, layout_basic, ebering_ecumenical_altar_ruins
D:2:      layout_basic, mrwooster_statue_mirror, chequers_serial_rivers_room_a
D:3:      layout_basic, mainiacjoe_overflow_brackets,
          grunt_temple_overflow_open, serial_shops, shop
D:4:      dreamdust_elfheim, layout_rooms, kiku_gazebo_garden_becter,
          evilmike_ruin_ashenzari
D:5:      layout_basic, temple_hall, serial_glass, glass_columns_a,
          glass_columns_b, glass_columns_c, glass_columns_b, glass_columns_b,
          glass_columns_a, minmay_misc_feat_rows, uniq_menkaure
D:6:      layout_loops_ring, lemuel_coloured_pillars_altar, serial_shops, shop,
          serial_rivers, chequers_serial_rivers_micro_d,
          chequers_serial_rivers_room_a, chequers_serial_rivers_small_b,
          chequers_serial_rivers_marsh, uniq_maggie

Skill      XL: |  1  2  3  4  5  6  7  8 |
---------------+-------------------------+-----
Fighting       | 4 5 6 7 |  7.0
Axes           | 4 5 6 7 |  7.1
Armour         | 3 4 5 6 |  6.5
Dodging        | 3 4 5 6 |  6.0

Action                   |  1- 3 |  4- 6 |  7- 9 || total
-------------------------+-------+-------+-------++-------
Melee: Hand axe          |    70 |       |       ||    70
       Headbutt          |     7 |    27 |    10 ||    44
       Whip              |     2 |   167 |    90 ||   259
Invok: Berserk           |     3 |     3 |     2 ||     8
  Use: Scroll            |     1 |    10 |     1 ||    12
       Potion            |       |       |     2 ||     2
Armor: Animal skin       |     5 |       |       ||     5
       Chain mail        |    32 |    92 |    42 ||   166
       Skin              |       |       |    42 ||    42
Dodge: Dodged            |    30 |    72 |    35 ||   137
Block: Buckler           |       |    15 |    10 ||    25

Table legend: (Time is in decaauts)
 A = Elapsed time spent in this place.
 B = Non-inter-level travel time spent in this place.
 C = Inter-level travel time spent in this place.
 D = Time resting spent in this place.
 E = Time spent auto-exploring this place.
 F = Levels seen in this place.
 G = Mean time per level.
                   A        B        C        D        E       F      G
               +--------+--------+--------+--------+--------+-----+--------+
         Total |   6112 |   5966 |    146 |   2630 |   2532 |   6 | 1018.7 |
       Dungeon |   6112 |   5966 |    146 |   2630 |   2532 |   6 | 1018.7 |
               +--------+--------+--------+--------+--------+-----+--------+

Top non-repeatable levels by time:
     D:3: 1555 daAuts
     D:2: 1423 daAuts
     D:1: 1272 daAuts
     D:5: 940 daAuts
     D:4: 884 daAuts
     D:6: 35 daAuts
